 Dungeon Crawl Stone Soup version 0.30-a0-711-gf4ac18a38d (webtiles) character file.

Game seed: 6624748220295255051

28 jlumianski the Covered (level 3, -2/29 HPs)
             Began as a Demonspawn Fighter on Jan 22, 2023.
             Slain by a worm (5 damage)
             ... on level 3 of the Dungeon.
             The game lasted 00:03:45 (857 turns).

jlumianski the Covered (Demonspawn Fighter)          Turns: 857, Time: 00:03:46

Health: -2/29      AC:  6    Str: 18    XL:     3   Next: 0%
Magic:  3/3        EV:  9    Int:  9    God:
Gold:   116        SH: 10    Dex: 18    Spells: 2/2 levels left

rFire   . . .      SeeInvis .    a - +0 war axe
rCold   . . .      Faith    .    c - +0 buckler
rNeg    . . .      Spirit   .    b - +0 scale mail
rPois   .          Reflect  +    (helmet restricted)
rElec   .          Harm     .    (no cloak)
rCorr   .          Rampage  .    (no gloves)
Will    .....                    (no boots) Stlth
                                 g - amulet of reflection
HPRegen 0.24/turn                n - +6 ring of dexterity
MPRegen 0.08/turn                (no ring)

@: no status effects
A: antennae 1, claws 1
a: no special abilities


You were on level 3 of the Dungeon.
You visited 1 branch of the dungeon, and saw 3 of its levels.

You collected 116 gold pieces.

Inventory:

Hand Weapons
 a - a +0 war axe (weapon)
Missiles
 h - 4 stones (quivered)
Armour
 b - a +0 scale mail (worn)
 c - a +0 buckler (worn)
 l - a +0 pair of gloves
Jewellery
 g - an amulet of reflection (around neck)
 n - a +6 ring of dexterity (left claw)
Scrolls
 e - a scroll of magic mapping {unknown}
 i - a scroll of fog {unknown}
 k - a scroll of identify {unknown}
 m - a scroll of teleportation {unknown}
Potions
 d - a potion of might
 f - a potion of lignification {unknown}
 j - a potion of ambrosia {unknown}


   Skills:
 + Level 3.1 Fighting
 + Level 2.2 Axes
 + Level 3.3 Armour
 + Level 2.8 Shields


You had 2 spell levels left.
You didn't know any spells.
Your spell library was empty.

Dungeon Overview and Level Annotations

Branches:
Dungeon (3/15)

Altars:


Innate Abilities, Weirdness & Mutations

You have a pair of small antennae on your head.
You have sharp fingernails.


Message History

The bat closely misses you. You block the frilled lizard's attack.
The endoplasm hits you but does no damage.
You block the worm's attack. You block the bat's attack.
The endoplasm barely misses you. The frilled lizard barely misses you.
You block the bat's attack. The endoplasm freezes you.
You are frozen.
You block the frilled lizard's attack. The worm bites you.
The endoplasm barely misses you. You block the frilled lizard's attack.
The bat barely misses you. The bat hits you but does no damage. x2
The endoplasm hits you. The frilled lizard barely misses you.
You block the worm's attack.
The frilled lizard bites you but does no damage.
The endoplasm hits you. The worm bites you but does no damage.
The bat hits you but does no damage. The endoplasm barely misses you.
You block the frilled lizard's attack. You block the bat's attack.
You block the endoplasm's attack.
The frilled lizard bites you but does no damage.
The worm barely misses you. The endoplasm freezes you.
You are frozen.
* * * LOW HITPOINT WARNING * * *
The frilled lizard bites you but does no damage.
The bat closely misses you. The bat hits you but does no damage.
You block the endoplasm's attack. You block the frilled lizard's attack.
You block the worm's attack. You block the frilled lizard's attack.
The endoplasm freezes you.
You are frozen.
* * * LOW HITPOINT WARNING * * *
The worm misses you. You block the bat's attack.
The endoplasm hits you but does no damage.
The frilled lizard barely misses you. The bat barely misses you.
The endoplasm freezes you.
You are frozen.
* * * LOW HITPOINT WARNING * * *
The frilled lizard barely misses you. The worm bites you.
You die...

#.PPPPPP##.....#
.#.PPPPPP..#....#
._......P.P#....#
#.P.P...P.#....#
#..P....###....#
#P..l...########
#...P###.......#
#####....l.....#
.......J@.....#
.....#.bw.....#
.....#........#
.... #........#
.J. #........#
... #........#
#........#
#........#


You could see a worm, an endoplasm, a bat and a frilled lizard.

Vanquished Creatures
  4 endoplasms (D:1)
  A giant cockroach (D:2)
  3 goblins
  4 hobgoblins
  2 quokkas (D:1)
  2 ball pythons
  2 frilled lizards
  3 kobolds
  4 rats (D:1)
25 creatures vanquished.

Vanquished Creatures (others)
  A fungus (D:3)
  A withered plant (D:3)
2 creatures vanquished.

Grand Total: 27 creatures vanquished

Notes
Turn   | Place    | Note
-------+----------+-------------------------------------------
     0 | D:1      | jlumianski the Demonspawn Fighter began the quest for the
                  | Orb.
     0 | D:1      | Reached XP level 1. HP: 18/18 MP: 1/1
   163 | D:1      | Discovered your monstrous ancestry.
   163 | D:1      | Gained mutation: You have sharp fingernails. [demonic
                  | ancestry]
   163 | D:1      | Reached XP level 2. HP: 24/24 MP: 2/2
   818 | D:3      | Gained mutation: You have a pair of small antennae on your
                  | head. [demonic ancestry]
   818 | D:3      | Reached XP level 3. HP: 29/29 MP: 3/3
   824 | D:3      | Found a faded altar of an unknown god.
   857 | D:3      | Slain by a worm

Illustrated notes

Levels and vault maps discovered:
D:1:      reono_arrival_forest_river, layout_basic, minivault_25
D:2:      layout_basic, basic_altar, serial_shops, shop_fountains,
          minmay_pentomino_x2
D:3:      layout_basic, nicolae_tso_besieged_by_evil,
          shapermc_ecumenical_altar_gd, serial_shops,
          nicolae_shop_window_shopping, minmay_misc_feat_rugged

Skill      XL: |  1  2 |
---------------+-------+-----
Armour         | 3 |  3.3
Axes           | 2 |  2.2
Fighting       | |  3.1
Shields        | |  2.8

Action                     || total
---------------------------++-------
  Melee: War axe           ||    51
 Armour: Scale mail        ||    34
  Dodge: Dodged            ||    36
  Block: Buckler           ||    47

Table legend: (Time is in decaauts)
 A = Elapsed time spent in this place.
 B = Non-inter-level travel time spent in this place.
 C = Inter-level travel time spent in this place.
 D = Time resting spent in this place.
 E = Time spent auto-exploring this place.
 F = Levels seen in this place.
 G = Mean time per level.
                   A        B        C        D        E       F      G
               +--------+--------+--------+--------+--------+-----+--------+
         Total |    892 |    878 |     14 |      0 |    494 |   3 |  297.3 |
       Dungeon |    892 |    878 |     14 |      0 |    494 |   3 |  297.3 |
               +--------+--------+--------+--------+--------+-----+--------+

Top non-repeatable levels by time:
     D:1: 785 daAuts
     D:2: 56 daAuts
     D:3: 50 daAuts
